Workbook

Sheet Resumo
A1: ANEXO I-B – PLANILHA DE CUSTOS E FORMAÇÃO DE PREÇOS – VALORES REFERENCIAIS DO SEBRAE/CE (MEMÓRIA DE CÁLCULO DO VALOR ESTIMADO)
A2: SERVIÇO DE APOIO ÀS MICRO E PEQUENAS EMPRESAS DO ESTADO DO CEARÁ – SEBRAE/CE
A5: PLANILHA RESUMO DE FORMAÇÃO DE CUSTO
A8: LOCAL | B8: POSTOS | C8: LOTE | D8: CATEGORIA | E8: VALOR POSTO | F8: VALOR MENSAL | G8: VALOR PARA 12 MESES
A9: FORTALEZA | B9: 1 | D9: SUPERVISOR DE MANUTENÇÃO PREDIAL | E9: ='Sup. Manut. Predial'!I110 -> 14076.146 | F9: ='Sup. Manut. Predial'!I114 -> 14076.146 | G9: =F9*12 -> 168913.76
A10: FORTALEZA | B10: 2 | D10: AUXILIAR OPERACIONAL DE MANUTENÇÃO PREDIAL | E10: ='Aux. Op. Manut. Predial'!I110 -> 9789.17 | F10: =E10*B10 -> 19578.34 | G10: =F10*12 -> 234940.08
A11: FORTALEZA | B11: 2 | D11: ELETRICISTA | E11: =Eletricista!I110 -> 14081.882 | F11: =E11*B11 -> 28163.764 | G11: =F11*12 -> 337965.17
A13: TOTAL | E13: =SUM(E9:E12) -> 37947.198 | F13: =SUM(F9:F12) -> 61818.251 | G13: =SUM(G9:G12) -> 741819.01
C16: HORAS EXTRAS – SOB DEMANDA (2 h/mês por empregado)
A17: LOCAL | B17: POSTOS | C17: CATEGORIA | D17: REFERÊNCIA | E17: VALOR UNITÁRIO | F17: VALOR MENSAL | G17: VALOR PARA 12 MESES
A18: FORTALEZA | B18: 1 | C18: SUPERVISOR DE MANUTENÇÃO PREDIAL | D18: 2 horas/mês | E18: ='Horas Extras Sup. Manut'!I115 -> 143.23927 | F18: =E18*B18 -> 143.23927 | G18: =F18*12 -> 1718.8712
A19: FORTALEZA | B19: 2 | C19: AUXILIAR OPERACIONAL DE MANUTENÇÃO PREDIAL | D19: 2 horas/mês por empregado | E19: ='Horas Extras Aux. Op. Manut.'!I114 -> 76.499212 | F19: =E19*B19 -> 152.99842 | G19: =F19*12 -> 1835.9811
A20: FORTALEZA | B20: 2 | C20: ELETRICISTA | D20: 2 horas/mês por empregado | E20: ='Horas Extras Eletricista'!I114 -> 130.55236 | F20: =E20*B20 -> 261.10472 | G20: =F20*12 -> 3133.2566
A22: TOTAL | E22: =SUM(E18:E21) -> 350.29084 | F22: =SUM(F18:F21) -> 557.34241 | G22: =SUM(G18:G21) -> 6688.1089
C24: REEMBOLSO DE DESPESAS DE DESLOCAMENTO SEM PERNOITE
A25: LOCAL | B25: QUANT. MENSAL | C25: QUANT. ANUAL | D25: DESCRIÇÃO | E25: VALOR UNITÁRIO | F25: VALOR MENSAL | G25: VALOR PARA 12 MESES
A26: FORTALEZA | B26: 11 | C26: 132 | D26: REEMBOLSO DE DESLOCAMENTO – SOB DEMANDA | E26: ='Reembolso Deslocamento'!I110 -> 673.46939 | F26: =E26*B26 -> 7408.1633 | G26: =F26*12 -> 88897.959
A31: TOTAL | E31: =E26 -> 673.46939 | F31: =F26 -> 7408.1633 | G31: =G26 -> 88897.959
A34: VALOR GLOBAL | E34: =E13+E22+E31 -> 38970.959 | F34: =F13+F22+F31 -> 69783.756 | G34: =G13+G22+G31 -> 837405.07

Sheet Sup. Manut. Predial
A1: ANEXO I-B – PLANILHA DE CUSTOS E FORMAÇÃO DE PREÇOS – VALORES REFERENCIAIS DO SEBRAE/CE (MEMÓRIA DE CÁLCULO DO VALOR ESTIMADO)
A2: SERVIÇO DE APOIO AS MICRO E PEQUENAS EMPRESAS DO ESTADO DO CEARÁ - SEBRAE/CE
A4: CIDADE DE FORTALEZA
A5: PLANILHA DE CUSTOS E FORMAÇÃO DE PREÇOS POR EMPREGADO
A6: Discriminação dos Serviços (dados referentes à contratação)
A7: A | B7: Data de referência da estimativa (dia/mês/ano) | G7: 46112
A8: B | B8: Município/UF | G8: Fortaleza
A9: C | B9: Ano Acordo, Convenção ou Sentença Normativa em Dissídio Coletivo | G9: SEACEC
A10: D | B10: Nº de meses de execução contratual | G10: 12
A11: Identificação do Serviço
A12: Tipo de Serviço | D12: Unidade de Medida | G12: Quantidade total a contratar (em função da unidade de medida)
A13: Contratação de empresa especializada de mão de obra, para o cargo de Supervisor de Manutenção Predial. | D13: POSTO | G13: 1
A14: Mão de obra
A15: Mão-de-obra vinculada à execução contratual
A16: Dados complementares para composição dos custos referente à mão-de-obra
A17: 1 | B17: Tipo de serviço (mesmo serviço com características distintas) | I17: SUP. MANUT. PREDIAL
A18: 2 | B18: Salário Normativo da Categoria Profissional | I18: 4550
A19: 3 | B19: Categoria profissional (vinculada à execução contratual)
A20: 4 | B20: Data base da categoria (dia/mês/ano) | I20: 46023
A21: MÓDULO 1 : COMPOSIÇÃO DA REMUNERAÇÃO
A22: 1 | B22: Composição da Remuneração | I22: Valor (R$)
A23: A | B23: Salário Base | I23: =I18 -> 4550
A24: B | B24: Adicional de periculosidade
A25: C | B25: Adicional de insalubridade
A26: D | B26: Adicional noturno
A27: E | B27: Hora noturna adicional
A28: F | B28: Adicional de Hora Extra
A29: G | B29: Intervalo Intrajornada
A30: Total da Remuneração | I30: =SUM(I23:J29) -> 4550
A31: MÓDULO 2: BENEFÍCIOS MENSAIS E DIÁRIOS
A32: 2 | B32: Benefícios Mensais e Diários | I32: Valor (R$)
A33: A | B33: Transporte (5,40*2*22 dias trabalhados) - 6% de desconto sobre o salário base (Cláusula Décima Sexta)
A34: B | B34: Auxílio-Refeição/Alimentação (R$ 28,80*22 dias) - 1% de desconto (Cláusula Décima Quinta CCT) | I34: =633.6-6.33 -> 627.27 | K34: R$ 633,60*1% = 6,33
A35: C | B35: Plano de Saúde (Cláusula Décima Setima da CCT) | I35: 325
A36: D | B36: Seguro de vida, invalidez e funeral (Cláusula Décima Oitava da CCT) | I36: 42.5
A37: E | B37: Cesta Básica (Cláusula Décima Quarta da CCT) | I37: 310
A38: F | B38: Auxilio Creche (Cláusula Décima Nona da CCT) | I38: 134.91
A39: G | B39: Cesta Natalina (Conforme Edital) | I39: 0 | K39: R$ 110,52*2 = 221,04/12 = 18,42(valor mensal)
A40: Total de Benefícios mensais e diários | I40: =SUM(I33:J39) -> 1439.68
A41: MÓDULO 3: INSUMOS DIVERSOS
A42: 3 | B42: Insumos Diversos | I42: Valor (R$)
A43: A | B43: Uniformes | I43: 214.3
A44: B | B44: Materiais | I44: 440.11
A45: C | B45: Equipamentos | I45: 557.8
A46: Total de Insumos diversos | I46: =SUM(I43:J45) -> 1212.21
A47: MÓDULO 4: ENCARGOS SOCIAIS E TRABALHISTAS
A48: 4.1 | B48: Encargos previdenciários e FGTS | G48: % | I48: Valor (R$)
A49: A | B49: INSS | G49: 0.2 | I49: =(G49*I30) -> 910
A50: B | B50: SESI ou SESC | G50: 0.015 | I50: =(G50*I30) -> 68.25
A51: C | B51: SENAI ou SENAC | G51: 0.01 | I51: =(G51*I30) -> 45.5
A52: D | B52: INCRA | G52: 0.002 | I52: =(G52*I30) -> 9.1
A53: E | B53: Salário Educação | G53: 0.025 | I53: =(G53*I30) -> 113.75
A54: F | B54: FGTS | G54: 0.08 | I54: =(G54*I30) -> 364
A55: G | B55: Riscos Ambientais do Trabalho – RAT x FAP | G55: 0.03 | I55: =(G55*I30) -> 136.5
A56: H | B56: SEBRAE | G56: 0.006 | I56: =(G56*I30) -> 27.3
A57: TOTAL | G57: =SUM(G49:H56) -> 0.368 | I57: =SUM(I49:J56) -> 1674.4
A58: Submódulo 4.2 – 13º Salário e Adicional de Férias
A59: 4.2 | B59: 13º Salário e Adicional de Férias | I59: Valor (R$)
A60: A | B60: 13 º Salário | G60: 0.0833 | I60: =(G60*I30) -> 379.015
A61: B | B61: Adicional de Férias | G61: 0.0278 | I61: =(G61*I30) -> 126.49
A62: TOTAL | G62: =SUM(G60:H61) -> 0.1111 | I62: =SUM(I60:J61) -> 505.505
A63: Submódulo 4.3 - Provisão para Rescisão
A64: 4.3 | B64: Provisão para Rescisão | I64: Valor (R$)
A65: A | B65: Aviso prévio indenizado | G65: 0.0042 | I65: =(G65*I30) -> 19.11
A66: B | B66: Incidência do FGTS sobre aviso prévio indenizado | G66: 0.0003 | I66: =(G66*I30) -> 1.365
A67: C | B67: Multa do FGTS do aviso prévio indenizado | G67: 0.0344 | I67: =(G67*I30) -> 156.52
A68: D | B68: Aviso prévio trabalhado | G68: 0.0194 | I68: =(G68*I30) -> 88.27
A69: E | B69: Incidência do submódulo 4.1 sobre aviso prévio trabalhado | G69: 0.00717412 | I69: =(G69*I30) -> 32.642246
A70: F | B70: Multa do FGTS do aviso prévio trabalhado | G70: 0.0006 | I70: =(G70*I30) -> 2.73
A71: TOTAL | G71: =SUM(G65:H70) -> 0.06607412 | I71: =SUM(I65:J70) -> 300.63725
A72: Submódulo 4.4 – Custo de Reposição do Profissional Ausente
A73: 4.4 | B73: Composição do Custo de Reposição do Profissional Ausente | I73: Valor (R$)
A74: A | B74: Férias | G74: 0.0833 | I74: =(G74*I30) -> 379.015
A75: B | B75: Ausência por doença | G75: 0.0139 | I75: =(G75*I30) -> 63.245
A76: C | B76: Licença maternidade | G76: 0.0029 | I76: =(G76*I30) -> 13.195
A77: D | B77: Licença paternidade | G77: 0.0002 | I77: =(G77*I30) -> 0.91
A78: E | B78: Ausências legais | G78: 0.0028 | I78: =(G78*I30) -> 12.74
A79: F | B79: Ausência por Acidente de trabalho | G79: 0.0007 | I79: =(G79*I30) -> 3.185
A80: Subtotal antes da incidência de proprocional de férias, 1/3 e 13º s/custo de reposição | G80: =SUM(G74:G79) -> 0.1038 | I80: =SUM(I74:J79) -> 472.29
A81: G | B81: Proporcional de Férias, 1/3 e 13º sobre custo de reposição (exceto licença maternidade) | G81: 0.0196 | I81: =(G81*I30) -> 89.18
A82: Subtotal antes da incidência do modulo 4.1 | G82: =G80+G81 -> 0.1234 | I82: =SUM(I80:J81) -> 561.47
A83: H | B83: Incidência do submódulo 4.1 sobre o Custo de reposição | G83: 0.0454 | I83: =(G83*I30) -> 206.57
A84: TOTAL | G84: =G82+G83 -> 0.1688 | I84: =I82+I83 -> 768.04
A85: QUADRO - RESUMO - MÓDULO 4 - ENCARGOS SOCIAIS E TRABALHISTAS
A86: 4 | B86: Módulo 4 - Encargos sociais e trabalhistas | I86: Valor (R$)
A87: 4.1 | B87: Encargos previdenciários e FGTS | G87: =G57 -> 0.368 | I87: =I57 -> 1674.4
A88: 4.2 | B88: 13 º salário + Adicional de férias | G88: =G62 -> 0.1111 | I88: =(I62) -> 505.505
A89: 4.3 | B89: Custo de rescisão | G89: =G71 -> 0.06607412 | I89: =I71 -> 300.63725
A90: 4.4 | B90: Custo de reposição do profissional ausente | G90: =G84 -> 0.1688 | I90: =I84 -> 768.04
A91: TOTAL | G91: =SUM(G87:H90) -> 0.71397412 | I91: =SUM(I87:J90) -> 3248.5822
A92: MÓDULO 5 - CUSTOS INDIRETOS, TRIBUTOS E LUCRO
A93: 5 | B93: Custos Indiretos, Tributos e Lucro | G93: % | I93: Valor (R$)
A94: A | B94: Custos Indiretos | G94: 0.05 | I94: =(I108*G94) -> 522.52361
A95: B | B95: Tributos
B96: B.1 Tributos Federais (PIS) | G96: 0.0165 | I96: =K97*G96 -> 232.25641 | K96: =(100%-SUM(G96:H98))/100 -> 0.008575
B97: B.2 Tributos Federais (COFINS) | G97: 0.076 | I97: =K97*G97 -> 1069.7871 | K97: =(I108+I94+I100)/(100%-SUM(G96:H98))/100*100 -> 14076.146
B98: B.3 Tributos Municipais (ISS) | G98: 0.05 | I98: =K97*G98 -> 703.80731
B99: B.4 Outros tributos (especificar)
A100: C | B100: Lucro | G100: 0.1 | I100: =SUM(I108+I94)*G100 -> 1097.2996
A101: TOTAL | G101: =SUM(G94:H100) -> 0.2925 | I101: =SUM(I100+I99+I98+I97+I96+I94) -> 3625.674
...

Sheet Horas Extras Sup. Manut
A1: ANEXO I-B – PLANILHA DE CUSTOS E FORMAÇÃO DE PREÇOS – VALORES REFERENCIAIS DO SEBRAE/CE (MEMÓRIA DE CÁLCULO DO VALOR ESTIMADO)
A2: SERVIÇO DE APOIO AS MICRO E PEQUENAS EMPRESAS DO ESTADO DO CEARÁ - SEBRAE/CE
A4: CIDADE DE FORTALEZA
A5: PLANILHA DE CUSTOS E FORMAÇÃO DE PREÇOS POR EMPREGADO
A6: Discriminação dos Serviços (dados referentes à contratação)
A7: A | B7: Data de referência da estimativa (dia/mês/ano) | G7: 46112
A8: B | B8: Município/UF | G8: Fortaleza
A9: C | B9: Ano Acordo, Convenção ou Sentença Normativa em Dissídio Coletivo | G9: SEACEC
A10: D | B10: Nº de meses de execução contratual | G10: 12
A11: Identificação do Serviço
A12: Tipo de Serviço | D12: Unidade de Medida | G12: Quantidade total a contratar (em função da unidade de medida)
A13: Contratação de empresa especializada de mão de obra, para o cargo de Supervisor de Manutenção Predial. | D13: POSTO | G13: 1
A14: Mão de obra
A15: Mão-de-obra vinculada à execução contratual
A16: Dados complementares para composição dos custos referente à mão-de-obra
A17: 1 | B17: Tipo de serviço (mesmo serviço com características distintas) | I17: SUP. MANUT. PREDIAL
A18: 2 | B18: Salário Normativo da Categoria Profissional | I18: 4550
A19: 3 | B19: Categoria profissional (vinculada à execução contratual)
A20: 4 | B20: Data base da categoria (dia/mês/ano) | I20: 46023
A21: MÓDULO 1 : COMPOSIÇÃO DA REMUNERAÇÃO
A22: 1 | B22: Composição da Remuneração | I22: Valor (R$)
A23: A | B23: Salário Base | I23: 0
A24: B | B24: Adicional de periculosidade
A25: C | B25: Adicional de insalubridade
A26: D | B26: Adicional noturno
A27: E | B27: Hora noturna adicional
A28: F | B28: Adicional de Hora Extra (50%) | I28: =SUM((I18/220)*1.5*1) -> 31.022727
A29: G | B29: Intervalo Intrajornada
A30: Total da Remuneração | I30: =SUM(I23:J29) -> 31.022727
A31: MÓDULO 2: BENEFÍCIOS MENSAIS E DIÁRIOS
A32: 2 | B32: Benefícios Mensais e Diários | I32: Valor (R$)
A33: A | B33: Transporte (5,40*2*22 dias trabalhados) - 6% de desconto sobre o salário base (Cláusula Décima Sexta)
A34: B | B34: Auxílio-Refeição/Alimentação (R$ 28,80*22 dias) - 1% de desconto (Cláusula Décima Quinta CCT) | I34: 0
A35: C | B35: Plano de Saúde (Cláusula Décima Setima da CCT) | I35: 0
A36: D | B36: Seguro de vida, invalidez e funeral (Cláusula Décima Oitava da CCT) | I36: 0
A37: E | B37: Cesta Básica (Cláusula Décima Quarta da CCT) | I37: 0
A38: F | B38: Auxilio Creche (Cláusula Décima Nona da CCT) | I38: 0
A39: G | B39: Cesta Natalina (Conforme Edital) | I39: 0
A40: Total de Benefícios mensais e diários | I40: =SUM(I33:J39) -> 0
A41: MÓDULO 3: INSUMOS DIVERSOS
A42: 3 | B42: Insumos Diversos | I42: Valor (R$)
A43: A | B43: Uniformes | I43: 0
A44: B | B44: Materiais | I44: 0
A45: C | B45: Equipamentos | I45: 0
A46: Total de Insumos diversos | I46: =SUM(I43:J45) -> 0
A47: MÓDULO 4: ENCARGOS SOCIAIS E TRABALHISTAS
A48: 4.1 | B48: Encargos previdenciários e FGTS | G48: % | I48: Valor (R$)
A49: A | B49: INSS | G49: 0.2 | I49: =(G49*I30) -> 6.2045455
A50: B | B50: SESI ou SESC | G50: 0.015 | I50: =(G50*I30) -> 0.46534091
A51: C | B51: SENAI ou SENAC | G51: 0.01 | I51: =(G51*I30) -> 0.31022727
A52: D | B52: INCRA | G52: 0.002 | I52: =(G52*I30) -> 0.062045455
A53: E | B53: Salário Educação | G53: 0.025 | I53: =(G53*I30) -> 0.77556818
A54: F | B54: FGTS | G54: 0.08 | I54: =(G54*I30) -> 2.4818182
A55: G | B55: Riscos Ambientais do Trabalho – RAT x FAP | G55: 0.03 | I55: =(G55*I30) -> 0.93068182
A56: H | B56: SEBRAE | G56: 0.006 | I56: =(G56*I30) -> 0.18613636
A57: TOTAL | G57: =SUM(G49:H56) -> 0.368 | I57: =SUM(I49:J56) -> 11.416364
A58: Submódulo 4.2 – 13º Salário e Adicional de Férias
A59: 4.2 | B59: 13º Salário e Adicional de Férias | I59: Valor (R$)
A60: A | B60: 13 º Salário | G60: 0.0833 | I60: =(G60*I30) -> 2.5841932
A61: B | B61: Adicional de Férias | G61: 0.0278 | I61: =(G61*I30) -> 0.86243182
A62: TOTAL | G62: =SUM(G60:H61) -> 0.1111 | I62: =SUM(I60:J61) -> 3.446625
A63: Submódulo 4.3 - Provisão para Rescisão
A64: 4.3 | B64: Provisão para Rescisão | I64: Valor (R$)
A65: A | B65: Aviso prévio indenizado | G65: 0.0042 | I65: =(G65*I30) -> 0.13029545
A66: B | B66: Incidência do FGTS sobre aviso prévio indenizado | G66: 0.0003 | I66: =(G66*I30) -> 0.0093068182
A67: C | B67: Multa do FGTS do aviso prévio indenizado | G67: 0.0344 | I67: =(G67*I30) -> 1.0671818
A68: D | B68: Aviso prévio trabalhado | G68: 0.0194 | I68: =(G68*I30) -> 0.60184091
A69: E | B69: Incidência do submódulo 4.1 sobre aviso prévio trabalhado | G69: 0.00717412 | I69: =(G69*I30) -> 0.22256077
A70: F | B70: Multa do FGTS do aviso prévio trabalhado | G70: 0.0006 | I70: =(G70*I30) -> 0.018613636
A71: TOTAL | G71: =SUM(G65:H70) -> 0.06607412 | I71: =SUM(I65:J70) -> 2.0497994
A72: Submódulo 4.4 – Custo de Reposição do Profissional Ausente
A73: 4.4 | B73: Composição do Custo de Reposição do Profissional Ausente | I73: Valor (R$)
A74: A | B74: Férias | G74: 0.0833 | I74: =(G74*I30) -> 2.5841932
A75: B | B75: Ausência por doença | G75: 0.0139 | I75: =(G75*I30) -> 0.43121591
A76: C | B76: Licença maternidade | G76: 0.0029 | I76: =(G76*I30) -> 0.089965909
A77: D | B77: Licença paternidade | G77: 0.0002 | I77: =(G77*I30) -> 0.0062045455
A78: E | B78: Ausências legais | G78: 0.0028 | I78: =(G78*I30) -> 0.086863636
A79: F | B79: Ausência por Acidente de trabalho | G79: 0.0007 | I79: =(G79*I30) -> 0.021715909
A80: Subtotal antes da incidência de proprocional de férias, 1/3 e 13º s/custo de reposição | G80: =SUM(G74:G79) -> 0.1038 | I80: =SUM(I74:J79) -> 3.2201591
A81: G | B81: Proporcional de Férias, 1/3 e 13º sobre custo de reposição (exceto licença maternidade) | G81: 0.0196 | I81: =(G81*I30) -> 0.60804545
A82: Subtotal antes da incidência do modulo 4.1 | G82: =G80+G81 -> 0.1234 | I82: =SUM(I80:J81) -> 3.8282045
A83: H | B83: Incidência do submódulo 4.1 sobre o Custo de reposição | G83: 0.0454 | I83: =(G83*I30) -> 1.4084318
A84: TOTAL | G84: =G82+G83 -> 0.1688 | I84: =I82+I83 -> 5.2366364
A85: QUADRO - RESUMO - MÓDULO 4 - ENCARGOS SOCIAIS E TRABALHISTAS
A86: 4 | B86: Módulo 4 - Encargos sociais e trabalhistas | I86: Valor (R$)
A87: 4.1 | B87: Encargos previdenciários e FGTS | G87: =G57 -> 0.368 | I87: =I57 -> 11.416364
A88: 4.2 | B88: 13 º salário + Adicional de férias | G88: =G62 -> 0.1111 | I88: =(I62) -> 3.446625
A89: 4.3 | B89: Custo de rescisão | G89: =G71 -> 0.06607412 | I89: =I71 -> 2.0497994
A90: 4.4 | B90: Custo de reposição do profissional ausente | G90: =G84 -> 0.1688 | I90: =I84 -> 5.2366364
A91: TOTAL | G91: =SUM(G87:H90) -> 0.71397412 | I91: =SUM(I87:J90) -> 22.149424
A92: MÓDULO 5 - CUSTOS INDIRETOS, TRIBUTOS E LUCRO
A93: 5 | B93: Custos Indiretos, Tributos e Lucro | G93: % | I93: Valor (R$)
A94: A | B94: Custos Indiretos | G94: 0.05 | I94: =(I108*G94) -> 2.6586076
A95: B | B95: Tributos
B96: B.1 Tributos Federais (PIS) | G96: 0.0165 | I96: =K97*G96 -> 1.1817239 | K96: =(100%-SUM(G96:H98))/100 -> 0.008575
B97: B.2 Tributos Federais (COFINS) | G97: 0.076 | I97: =K97*G97 -> 5.4430921 | K97: =(I108+I94+I100)/(100%-SUM(G96:H98))/100*100 -> 71.619633
B98: B.3 Tributos Municipais (ISS) | G98: 0.05 | I98: =K97*G98 -> 3.5809816
B99: B.4 Outros tributos (especificar)
A100: C | B100: Lucro | G100: 0.1 | I100: =SUM(I108+I94)*G100 -> 5.5830759
A101: TOTAL | G101: =SUM(G94:H100) -> 0.2925 | I101: =SUM(I100+I99+I98+I97+I96+I94) -> 18.447481
...

Sheet Aux. Op. Manut. Predial
A1: ANEXO I-B – PLANILHA DE CUSTOS E FORMAÇÃO DE PREÇOS – VALORES REFERENCIAIS DO SEBRAE/CE (MEMÓRIA DE CÁLCULO DO VALOR ESTIMADO)
A2: SERVIÇO DE APOIO AS MICRO E PEQUENAS EMPRESAS DO ESTADO DO CEARÁ - SEBRAE/CE
A4: CIDADE DE FORTALEZA
A5: PLANILHA DE CUSTOS E FORMAÇÃO DE PREÇOS POR EMPREGADO
A6: Discriminação dos Serviços (dados referentes à contratação)
A7: A | B7: Data de referência da estimativa (dia/mês/ano) | G7: ='Sup. Manut. Predial'!G7 -> 46112
A8: B | B8: Município/UF | G8: Fortaleza
A9: C | B9: Ano Acordo, Convenção ou Sentença Normativa em Dissídio Coletivo | G9: SEACEC
A10: D | B10: Nº de meses de execução contratual | G10: 12
A11: Identificação do Serviço
A12: Tipo de Serviço | D12: Unidade de Medida | G12: Quantidade total a contratar (em função da unidade de medida)
A13: Contratação de empresa especializada de mão de obra, para o cargo de Auxiliar Operacional de Manutenção Predial | D13: POSTO | G13: 2
A14: Mão de obra
A15: Mão-de-obra vinculada à execução contratual
A16: Dados complementares para composição dos custos referente à mão-de-obra
A17: 1 | B17: Tipo de serviço (mesmo serviço com características distintas) | I17: AUX. OP. MANUT. PREDIAL
A18: 2 | B18: Salário Normativo da Categoria Profissional | I18: 2430
A19: 3 | B19: Categoria profissional (vinculada à execução contratual)
A20: 4 | B20: Data base da categoria (dia/mês/ano) | I20: ='Sup. Manut. Predial'!I20 -> 46023
A21: MÓDULO 1 : COMPOSIÇÃO DA REMUNERAÇÃO
A22: 1 | B22: Composição da Remuneração | I22: Valor (R$)
A23: A | B23: Salário Base | I23: =I18 -> 2430
A24: B | B24: Adicional de periculosidade
A25: C | B25: Adicional de insalubridade
A26: D | B26: Adicional noturno
A27: E | B27: Hora noturna adicional
A28: F | B28: Adicional de Hora Extra
A29: G | B29: Intervalo Intrajornada
A30: Total da Remuneração | I30: =SUM(I23:J29) -> 2430
A31: MÓDULO 2: BENEFÍCIOS MENSAIS E DIÁRIOS
A32: 2 | B32: Benefícios Mensais e Diários | I32: Valor (R$)
A33: A | B33: Transporte (5,40*2*22 dias trabalhados) - 6% de desconto sobre o salário base (Cláusula Décima Sexta) | I33: =SUM((5.4*2*22)-K33) -> 91.8 | K33: =I30*6% -> 145.8
A34: B | B34: Auxílio-Refeição/Alimentação (R$ 28,80*22 dias) - 1% de desconto (Cláusula Décima Quinta CCT) | I34: ='Sup. Manut. Predial'!I34 -> 627.27 | K34: ='Sup. Manut. Predial'!K34 -> R$ 633,60*1% = 6,33
A35: C | B35: Plano de Saúde (Cláusula Décima Setima da CCT) | I35: ='Sup. Manut. Predial'!I35 -> 325
A36: D | B36: Seguro de vida, invalidez e funeral (Cláusula Décima Oitava da CCT) | I36: 42.5
A37: E | B37: Cesta Básica (Cláusula Décima Quarta da CCT) | I37: ='Sup. Manut. Predial'!I37 -> 310
A38: F | B38: Auxilio Creche (Cláusula Décima Nona da CCT) | I38: ='Sup. Manut. Predial'!I38 -> 134.91 | K38: ='Sup. Manut. Predial'!K38 -> 0
A39: G | B39: Cesta Natalina (Conforme Edital) | I39: ='Sup. Manut. Predial'!I39 -> 0 | K39: ='Sup. Manut. Predial'!K39 -> R$ 110,52*2 = 221,04/12 = 18,42(valor mensal)
A40: Total de Benefícios mensais e diários | I40: =SUM(I33:J39) -> 1531.48
A41: MÓDULO 3: INSUMOS DIVERSOS
A42: 3 | B42: Insumos Diversos | I42: Valor (R$)
A43: A | B43: Uniformes | I43: 195
A44: B | B44: Materiais | I44: 522.75
A45: C | B45: Equipamentos | I45: 853.53
A46: Total de Insumos diversos | I46: =SUM(I43:J45) -> 1571.28
A47: MÓDULO 4: ENCARGOS SOCIAIS E TRABALHISTAS
A48: 4.1 | B48: Encargos previdenciários e FGTS | G48: % | I48: Valor (R$)
A49: A | B49: INSS | G49: 0.2 | I49: =(G49*I30) -> 486
A50: B | B50: SESI ou SESC | G50: 0.015 | I50: =(G50*I30) -> 36.45
A51: C | B51: SENAI ou SENAC | G51: 0.01 | I51: =(G51*I30) -> 24.3
A52: D | B52: INCRA | G52: 0.002 | I52: =(G52*I30) -> 4.86
A53: E | B53: Salário Educação | G53: 0.025 | I53: =(G53*I30) -> 60.75
A54: F | B54: FGTS | G54: 0.08 | I54: =(G54*I30) -> 194.4
A55: G | B55: Riscos Ambientais do Trabalho – RAT x FAP | G55: 0.03 | I55: =(G55*I30) -> 72.9
A56: H | B56: SEBRAE | G56: 0.006 | I56: =(G56*I30) -> 14.58
A57: TOTAL | G57: =SUM(G49:H56) -> 0.368 | I57: =SUM(I49:J56) -> 894.24
A58: Submódulo 4.2 – 13º Salário e Adicional de Férias
A59: 4.2 | B59: 13º Salário e Adicional de Férias | I59: Valor (R$)
A60: A | B60: 13 º Salário | G60: 0.0833 | I60: =(G60*I30) -> 202.419
A61: B | B61: Adicional de Férias | G61: 0.0278 | I61: =(G61*I30) -> 67.554
A62: TOTAL | G62: =SUM(G60:H61) -> 0.1111 | I62: =SUM(I60:J61) -> 269.973
A63: Submódulo 4.3 - Provisão para Rescisão
A64: 4.3 | B64: Provisão para Rescisão | I64: Valor (R$)
A65: A | B65: Aviso prévio indenizado | G65: 0.0042 | I65: =(G65*I30) -> 10.206
A66: B | B66: Incidência do FGTS sobre aviso prévio indenizado | G66: 0.0003 | I66: =(G66*I30) -> 0.729
A67: C | B67: Multa do FGTS do aviso prévio indenizado | G67: 0.0344 | I67: =(G67*I30) -> 83.592
A68: D | B68: Aviso prévio trabalhado | G68: 0.0194 | I68: =(G68*I30) -> 47.142
A69: E | B69: Incidência do submódulo 4.1 sobre aviso prévio trabalhado | G69: 0.00717412 | I69: =(G69*I30) -> 17.433112
A70: F | B70: Multa do FGTS do aviso prévio trabalhado | G70: 0.0006 | I70: =(G70*I30) -> 1.458
A71: TOTAL | G71: =SUM(G65:H70) -> 0.06607412 | I71: =SUM(I65:J70) -> 160.56011
A72: Submódulo 4.4 – Custo de Reposição do Profissional Ausente
A73: 4.4 | B73: Composição do Custo de Reposição do Profissional Ausente | I73: Valor (R$)
A74: A | B74: Férias | G74: 0.0833 | I74: =(G74*I30) -> 202.419
A75: B | B75: Ausência por doença | G75: 0.0139 | I75: =(G75*I30) -> 33.777
A76: C | B76: Licença maternidade | G76: 0.0029 | I76: =(G76*I30) -> 7.047
A77: D | B77: Licença paternidade | G77: 0.0002 | I77: =(G77*I30) -> 0.486
A78: E | B78: Ausências legais | G78: 0.0028 | I78: =(G78*I30) -> 6.804
A79: F | B79: Ausência por Acidente de trabalho | G79: 0.0007 | I79: =(G79*I30) -> 1.701
A80: Subtotal antes da incidência de proprocional de férias, 1/3 e 13º s/custo de reposição | G80: =SUM(G74:G79) -> 0.1038 | I80: =SUM(I74:J79) -> 252.234
A81: G | B81: Proporcional de Férias, 1/3 e 13º sobre custo de reposição (exceto licença maternidade) | G81: 0.0196 | I81: =(G81*I30) -> 47.628
A82: Subtotal antes da incidência do modulo 4.1 | G82: =G80+G81 -> 0.1234 | I82: =SUM(I80:J81) -> 299.862
A83: H | B83: Incidência do submódulo 4.1 sobre o Custo de reposição | G83: 0.0454 | I83: =(G83*I30) -> 110.322
A84: TOTAL | G84: =G82+G83 -> 0.1688 | I84: =I82+I83 -> 410.184
A85: QUADRO - RESUMO - MÓDULO 4 - ENCARGOS SOCIAIS E TRABALHISTAS
A86: 4 | B86: Módulo 4 - Encargos sociais e trabalhistas | I86: Valor (R$)
A87: 4.1 | B87: Encargos previdenciários e FGTS | G87: =G57 -> 0.368 | I87: =I57 -> 894.24
A88: 4.2 | B88: 13 º salário + Adicional de férias | G88: =G62 -> 0.1111 | I88: =(I62) -> 269.973
A89: 4.3 | B89: Custo de rescisão | G89: =G71 -> 0.06607412 | I89: =I71 -> 160.56011
A90: 4.4 | B90: Custo de reposição do profissional ausente | G90: =G84 -> 0.1688 | I90: =I84 -> 410.184
A91: TOTAL | G91: =SUM(G87:H90) -> 0.71397412 | I91: =SUM(I87:J90) -> 1734.9571
A92: MÓDULO 5 - CUSTOS INDIRETOS, TRIBUTOS E LUCRO
A93: 5 | B93: Custos Indiretos, Tributos e Lucro | G93: % | I93: Valor (R$)
A94: A | B94: Custos Indiretos | G94: 0.05 | I94: =(I108*G94) -> 363.38586
A95: B | B95: Tributos
B96: B.1 Tributos Federais (PIS) | G96: 0.0165 | I96: =K97*G96 -> 161.5213 | K96: =(100%-SUM(G96:H98))/100 -> 0.008575
B97: B.2 Tributos Federais (COFINS) | G97: 0.076 | I97: =K97*G97 -> 743.97692 | K97: =(I108+I94+I100)/(100%-SUM(G96:H98))/100*100 -> 9789.17
B98: B.3 Tributos Municipais (ISS) | G98: 0.05 | I98: =K97*G98 -> 489.4585
B99: B.4 Outros tributos (especificar)
A100: C | B100: Lucro | G100: 0.1 | I100: =SUM(I108+I94)*G100 -> 763.1103
A101: TOTAL | G101: =SUM(G94:H100) -> 0.2925 | I101: =SUM(I100+I99+I98+I97+I96+I94) -> 2521.4529
...

Sheet Horas Extras Aux. Op. Manut.
A1: ANEXO I-B – PLANILHA DE CUSTOS E FORMAÇÃO DE PREÇOS – VALORES REFERENCIAIS DO SEBRAE/CE (MEMÓRIA DE CÁLCULO DO VALOR ESTIMADO)
A2: SERVIÇO DE APOIO AS MICRO E PEQUENAS EMPRESAS DO ESTADO DO CEARÁ - SEBRAE/CE
A4: CIDADE DE FORTALEZA
A5: PLANILHA DE CUSTOS E FORMAÇÃO DE PREÇOS POR EMPREGADO
A6: Discriminação dos Serviços (dados referentes à contratação)
A7: A | B7: Data de referência da estimativa (dia/mês/ano) | G7: 46112
A8: B | B8: Município/UF | G8: Fortaleza
A9: C | B9: Ano Acordo, Convenção ou Sentença Normativa em Dissídio Coletivo | G9: SEACEC
A10: D | B10: Nº de meses de execução contratual | G10: 12
A11: Identificação do Serviço
A12: Tipo de Serviço | D12: Unidade de Medida | G12: Quantidade total a contratar (em função da unidade de medida)
A13: Contratação de empresa especializada de mão de obra, para o cargo de Auxiliar Operacional de Manutenção Predial | D13: POSTO | G13: 2
A14: Mão de obra
A15: Mão-de-obra vinculada à execução contratual
A16: Dados complementares para composição dos custos referente à mão-de-obra
A17: 1 | B17: Tipo de serviço (mesmo serviço com características distintas) | I17: AUX. OP. MANUT. PREDIAL
A18: 2 | B18: Salário Normativo da Categoria Profissional | I18: 2430
A19: 3 | B19: Categoria profissional (vinculada à execução contratual)
A20: 4 | B20: Data base da categoria (dia/mês/ano) | I20: ='Sup. Manut. Predial'!I20 -> 46023
A21: MÓDULO 1 : COMPOSIÇÃO DA REMUNERAÇÃO
A22: 1 | B22: Composição da Remuneração | I22: Valor (R$)
A23: A | B23: Salário Base | I23: 0
A24: B | B24: Adicional de periculosidade
A25: C | B25: Adicional de insalubridade
A26: D | B26: Adicional noturno
A27: E | B27: Hora noturna adicional
A28: F | B28: Adicional de Hora Extra (50%) | I28: =SUM((I18/220)*1.5*1) -> 16.568182
A29: G | B29: Intervalo Intrajornada
A30: Total da Remuneração | I30: =SUM(I23:J29) -> 16.568182
A31: MÓDULO 2: BENEFÍCIOS MENSAIS E DIÁRIOS
A32: 2 | B32: Benefícios Mensais e Diários | I32: Valor (R$)
A33: A | B33: Transporte (5,40*2*22 dias trabalhados) - 6% de desconto sobre o salário base (Cláusula Décima Sexta)
A34: B | B34: Auxílio-Refeição/Alimentação (R$ 28,80*22 dias) - 1% de desconto (Cláusula Décima Quinta CCT) | I34: 0
A35: C | B35: Plano de Saúde (Cláusula Décima Setima da CCT) | I35: 0
A36: D | B36: Seguro de vida, invalidez e funeral (Cláusula Décima Oitava da CCT) | I36: 0
A37: E | B37: Cesta Básica (Cláusula Décima Quarta da CCT) | I37: 0
A38: F | B38: Auxilio Creche (Cláusula Décima Nona da CCT) | I38: 0
A39: G | B39: Cesta Natalina (Conforme Edital) | I39: 0
A40: Total de Benefícios mensais e diários | I40: =SUM(I33:J39) -> 0
A41: MÓDULO 3: INSUMOS DIVERSOS
A42: 3 | B42: Insumos Diversos | I42: Valor (R$)
A43: A | B43: Uniformes | I43: 0
A44: B | B44: Materiais | I44: 0
A45: C | B45: Equipamentos | I45: 0
A46: Total de Insumos diversos | I46: =SUM(I43:J45) -> 0
A47: MÓDULO 4: ENCARGOS SOCIAIS E TRABALHISTAS
A48: 4.1 | B48: Encargos previdenciários e FGTS | G48: % | I48: Valor (R$)
A49: A | B49: INSS | G49: 0.2 | I49: =(G49*I30) -> 3.3136364
A50: B | B50: SESI ou SESC | G50: 0.015 | I50: =(G50*I30) -> 0.24852273
A51: C | B51: SENAI ou SENAC | G51: 0.01 | I51: =(G51*I30) -> 0.16568182
A52: D | B52: INCRA | G52: 0.002 | I52: =(G52*I30) -> 0.033136364
A53: E | B53: Salário Educação | G53: 0.025 | I53: =(G53*I30) -> 0.41420455
A54: F | B54: FGTS | G54: 0.08 | I54: =(G54*I30) -> 1.3254545
A55: G | B55: Riscos Ambientais do Trabalho – RAT x FAP | G55: 0.03 | I55: =(G55*I30) -> 0.49704545
A56: H | B56: SEBRAE | G56: 0.006 | I56: =(G56*I30) -> 0.099409091
A57: TOTAL | G57: =SUM(G49:H56) -> 0.368 | I57: =SUM(I49:J56) -> 6.0970909
A58: Submódulo 4.2 – 13º Salário e Adicional de Férias
A59: 4.2 | B59: 13º Salário e Adicional de Férias | I59: Valor (R$)
A60: A | B60: 13 º Salário | G60: 0.0833 | I60: =(G60*I30) -> 1.3801295
A61: B | B61: Adicional de Férias | G61: 0.0278 | I61: =(G61*I30) -> 0.46059545
A62: TOTAL | G62: =SUM(G60:H61) -> 0.1111 | I62: =SUM(I60:J61) -> 1.840725
A63: Submódulo 4.3 - Provisão para Rescisão
A64: 4.3 | B64: Provisão para Rescisão | I64: Valor (R$)
A65: A | B65: Aviso prévio indenizado | G65: 0.0042 | I65: =(G65*I30) -> 0.069586364
A66: B | B66: Incidência do FGTS sobre aviso prévio indenizado | G66: 0.0003 | I66: =(G66*I30) -> 0.0049704545
A67: C | B67: Multa do FGTS do aviso prévio indenizado | G67: 0.0344 | I67: =(G67*I30) -> 0.56994545
A68: D | B68: Aviso prévio trabalhado | G68: 0.0194 | I68: =(G68*I30) -> 0.32142273
A69: E | B69: Incidência do submódulo 4.1 sobre aviso prévio trabalhado | G69: 0.00717412 | I69: =(G69*I30) -> 0.11886212
A70: F | B70: Multa do FGTS do aviso prévio trabalhado | G70: 0.0006 | I70: =(G70*I30) -> 0.0099409091
A71: TOTAL | G71: =SUM(G65:H70) -> 0.06607412 | I71: =SUM(I65:J70) -> 1.094728
A72: Submódulo 4.4 – Custo de Reposição do Profissional Ausente
A73: 4.4 | B73: Composição do Custo de Reposição do Profissional Ausente | I73: Valor (R$)
A74: A | B74: Férias | G74: 0.0833 | I74: =(G74*I30) -> 1.3801295
A75: B | B75: Ausência por doença | G75: 0.0139 | I75: =(G75*I30) -> 0.23029773
A76: C | B76: Licença maternidade | G76: 0.0029 | I76: =(G76*I30) -> 0.048047727
A77: D | B77: Licença paternidade | G77: 0.0002 | I77: =(G77*I30) -> 0.0033136364
A78: E | B78: Ausências legais | G78: 0.0028 | I78: =(G78*I30) -> 0.046390909
A79: F | B79: Ausência por Acidente de trabalho | G79: 0.0007 | I79: =(G79*I30) -> 0.011597727
A80: Subtotal antes da incidência de proprocional de férias, 1/3 e 13º s/custo de reposição | G80: =SUM(G74:G79) -> 0.1038 | I80: =SUM(I74:J79) -> 1.7197773
A81: G | B81: Proporcional de Férias, 1/3 e 13º sobre custo de reposição (exceto licença maternidade) | G81: 0.0196 | I81: =(G81*I30) -> 0.32473636
A82: Subtotal antes da incidência do modulo 4.1 | G82: =G80+G81 -> 0.1234 | I82: =SUM(I80:J81) -> 2.0445136
A83: H | B83: Incidência do submódulo 4.1 sobre o Custo de reposição | G83: 0.0454 | I83: =(G83*I30) -> 0.75219545
A84: TOTAL | G84: =G82+G83 -> 0.1688 | I84: =I82+I83 -> 2.7967091
A85: QUADRO - RESUMO - MÓDULO 4 - ENCARGOS SOCIAIS E TRABALHISTAS
A86: 4 | B86: Módulo 4 - Encargos sociais e trabalhistas | I86: Valor (R$)
A87: 4.1 | B87: Encargos previdenciários e FGTS | G87: =G57 -> 0.368 | I87: =I57 -> 6.0970909
A88: 4.2 | B88: 13 º salário + Adicional de férias | G88: =G62 -> 0.1111 | I88: =(I62) -> 1.840725
A89: 4.3 | B89: Custo de rescisão | G89: =G71 -> 0.06607412 | I89: =I71 -> 1.094728
A90: 4.4 | B90: Custo de reposição do profissional ausente | G90: =G84 -> 0.1688 | I90: =I84 -> 2.7967091
A91: TOTAL | G91: =SUM(G87:H90) -> 0.71397412 | I91: =SUM(I87:J90) -> 11.829253
A92: MÓDULO 5 - CUSTOS INDIRETOS, TRIBUTOS E LUCRO
A93: 5 | B93: Custos Indiretos, Tributos e Lucro | G93: % | I93: Valor (R$)
A94: A | B94: Custos Indiretos | G94: 0.05 | I94: =(I108*G94) -> 1.4198717
A95: B | B95: Tributos
B96: B.1 Tributos Federais (PIS) | G96: 0.0165 | I96: =K97*G96 -> 0.6311185 | K96: =(100%-SUM(G96:H98))/100 -> 0.008575
B97: B.2 Tributos Federais (COFINS) | G97: 0.076 | I97: =K97*G97 -> 2.9069701 | K97: =(I108+I94+I100)/(100%-SUM(G96:H98))/100*100 -> 38.249606
B98: B.3 Tributos Municipais (ISS) | G98: 0.05 | I98: =K97*G98 -> 1.9124803
B99: B.4 Outros tributos (especificar)
A100: C | B100: Lucro | G100: 0.1 | I100: =SUM(I108+I94)*G100 -> 2.9817307
A101: TOTAL | G101: =SUM(G94:H100) -> 0.2925 | I101: =SUM(I100+I99+I98+I97+I96+I94) -> 9.8521713
...

Sheet Eletricista
A1: ANEXO I-B – PLANILHA DE CUSTOS E FORMAÇÃO DE PREÇOS – VALORES REFERENCIAIS DO SEBRAE/CE (MEMÓRIA DE CÁLCULO DO VALOR ESTIMADO)
A2: SERVIÇO DE APOIO AS MICRO E PEQUENAS EMPRESAS DO ESTADO DO CEARÁ - SEBRAE/CE
A4: CIDADE DE FORTALEZA
A5: PLANILHA DE CUSTOS E FORMAÇÃO DE PREÇOS POR EMPREGADO
A6: Discriminação dos Serviços (dados referentes à contratação)
A7: A | B7: Data de referência da estimativa (dia/mês/ano) | G7: ='Sup. Manut. Predial'!G7 -> 46112
A8: B | B8: Município/UF | G8: Fortaleza
A9: C | B9: Ano Acordo, Convenção ou Sentença Normativa em Dissídio Coletivo | G9: SEACEC
A10: D | B10: Nº de meses de execução contratual | G10: 12
A11: Identificação do Serviço
A12: Tipo de Serviço | D12: Unidade de Medida | G12: Quantidade total a contratar (em função da unidade de medida)
A13: Contratação de empresa especializada de mão de obra, para o cargo de Eletricista | D13: POSTO | G13: 2
A14: Mão de obra
A15: Mão-de-obra vinculada à execução contratual
A16: Dados complementares para composição dos custos referente à mão-de-obra
A17: 1 | B17: Tipo de serviço (mesmo serviço com características distintas) | I17: ELETRICISTA
A18: 2 | B18: Salário Normativo da Categoria Profissional | I18: 3190
A19: 3 | B19: Categoria profissional (vinculada à execução contratual)
A20: 4 | B20: Data base da categoria (dia/mês/ano) | I20: ='Sup. Manut. Predial'!I20 -> 46023
A21: MÓDULO 1 : COMPOSIÇÃO DA REMUNERAÇÃO
A22: 1 | B22: Composição da Remuneração | I22: Valor (R$)
A23: A | B23: Salário Base | I23: =I18 -> 3190
A24: B | B24: Adicional de periculosidade | I24: =I23*30% -> 957
A25: C | B25: Adicional de insalubridade
A26: D | B26: Adicional noturno
A27: E | B27: Hora noturna adicional
A28: F | B28: Adicional de Hora Extra
A29: G | B29: Intervalo Intrajornada
A30: Total da Remuneração | I30: =SUM(I23:J29) -> 4147
A31: MÓDULO 2: BENEFÍCIOS MENSAIS E DIÁRIOS
A32: 2 | B32: Benefícios Mensais e Diários | I32: Valor (R$)
A33: A | B33: Transporte (5,40*2*22 dias trabalhados) - 6% de desconto sobre o salário base (Cláusula Décima Sexta) | I33: =SUM((5.4*2*22)-K33) -> 46.2 | K33: =I23*6% -> 191.4
A34: B | B34: Auxílio-Refeição/Alimentação (R$ 28,80*22 dias) - 1% de desconto (Cláusula Décima Quinta CCT) | I34: ='Sup. Manut. Predial'!I34 -> 627.27 | K34: ='Sup. Manut. Predial'!K34 -> R$ 633,60*1% = 6,33
A35: C | B35: Plano de Saúde (Cláusula Décima Setima da CCT) | I35: ='Sup. Manut. Predial'!I35 -> 325
A36: D | B36: Seguro de vida, invalidez e funeral (Cláusula Décima Oitava da CCT) | I36: 42.5
A37: E | B37: Cesta Básica (Cláusula Décima Quarta da CCT) | I37: ='Sup. Manut. Predial'!I37 -> 310
A38: F | B38: Auxilio Creche (Cláusula Décima Nona da CCT) | I38: ='Sup. Manut. Predial'!I38 -> 134.91 | K38: ='Sup. Manut. Predial'!K38 -> 0
A39: G | B39: Cesta Natalina (Conforme Edital) | I39: ='Sup. Manut. Predial'!I39 -> 0 | K39: ='Sup. Manut. Predial'!K39 -> R$ 110,52*2 = 221,04/12 = 18,42(valor mensal)
A40: Total de Benefícios mensais e diários | I40: =SUM(I33:J39) -> 1485.88
A41: MÓDULO 3: INSUMOS DIVERSOS
A42: 3 | B42: Insumos Diversos | I42: Valor (R$)
A43: A | B43: Uniformes | I43: 225
A44: B | B44: Materiais | I44: 678.2
A45: C | B45: Equipamentos | I45: 957.8
A46: Total de Insumos diversos | I46: =SUM(I43:J45) -> 1861
A47: MÓDULO 4: ENCARGOS SOCIAIS E TRABALHISTAS
A48: 4.1 | B48: Encargos previdenciários e FGTS | G48: % | I48: Valor (R$)
A49: A | B49: INSS | G49: 0.2 | I49: =(G49*I30) -> 829.4
A50: B | B50: SESI ou SESC | G50: 0.015 | I50: =(G50*I30) -> 62.205
A51: C | B51: SENAI ou SENAC | G51: 0.01 | I51: =(G51*I30) -> 41.47
A52: D | B52: INCRA | G52: 0.002 | I52: =(G52*I30) -> 8.294
A53: E | B53: Salário Educação | G53: 0.025 | I53: =(G53*I30) -> 103.675
A54: F | B54: FGTS | G54: 0.08 | I54: =(G54*I30) -> 331.76
A55: G | B55: Riscos Ambientais do Trabalho – RAT x FAP | G55: 0.03 | I55: =(G55*I30) -> 124.41
A56: H | B56: SEBRAE | G56: 0.006 | I56: =(G56*I30) -> 24.882
A57: TOTAL | G57: =SUM(G49:H56) -> 0.368 | I57: =SUM(I49:J56) -> 1526.096
A58: Submódulo 4.2 – 13º Salário e Adicional de Férias
A59: 4.2 | B59: 13º Salário e Adicional de Férias | I59: Valor (R$)
A60: A | B60: 13 º Salário | G60: 0.0833 | I60: =(G60*I30) -> 345.4451
A61: B | B61: Adicional de Férias | G61: 0.0278 | I61: =(G61*I30) -> 115.2866
A62: TOTAL | G62: =SUM(G60:H61) -> 0.1111 | I62: =SUM(I60:J61) -> 460.7317
A63: Submódulo 4.3 - Provisão para Rescisão
A64: 4.3 | B64: Provisão para Rescisão | I64: Valor (R$)
A65: A | B65: Aviso prévio indenizado | G65: 0.0042 | I65: =(G65*I30) -> 17.4174
A66: B | B66: Incidência do FGTS sobre aviso prévio indenizado | G66: 0.0003 | I66: =(G66*I30) -> 1.2441
A67: C | B67: Multa do FGTS do aviso prévio indenizado | G67: 0.0344 | I67: =(G67*I30) -> 142.6568
A68: D | B68: Aviso prévio trabalhado | G68: 0.0194 | I68: =(G68*I30) -> 80.4518
A69: E | B69: Incidência do submódulo 4.1 sobre aviso prévio trabalhado | G69: 0.00717412 | I69: =(G69*I30) -> 29.751076
A70: F | B70: Multa do FGTS do aviso prévio trabalhado | G70: 0.0006 | I70: =(G70*I30) -> 2.4882
A71: TOTAL | G71: =SUM(G65:H70) -> 0.06607412 | I71: =SUM(I65:J70) -> 274.00938
A72: Submódulo 4.4 – Custo de Reposição do Profissional Ausente
A73: 4.4 | B73: Composição do Custo de Reposição do Profissional Ausente | I73: Valor (R$)
A74: A | B74: Férias | G74: 0.0833 | I74: =(G74*I30) -> 345.4451
A75: B | B75: Ausência por doença | G75: 0.0139 | I75: =(G75*I30) -> 57.6433
A76: C | B76: Licença maternidade | G76: 0.0029 | I76: =(G76*I30) -> 12.0263
A77: D | B77: Licença paternidade | G77: 0.0002 | I77: =(G77*I30) -> 0.8294
A78: E | B78: Ausências legais | G78: 0.0028 | I78: =(G78*I30) -> 11.6116
A79: F | B79: Ausência por Acidente de trabalho | G79: 0.0007 | I79: =(G79*I30) -> 2.9029
A80: Subtotal antes da incidência de proprocional de férias, 1/3 e 13º s/custo de reposição | G80: =SUM(G74:G79) -> 0.1038 | I80: =SUM(I74:J79) -> 430.4586
A81: G | B81: Proporcional de Férias, 1/3 e 13º sobre custo de reposição (exceto licença maternidade) | G81: 0.0196 | I81: =(G81*I30) -> 81.2812
A82: Subtotal antes da incidência do modulo 4.1 | G82: =G80+G81 -> 0.1234 | I82: =SUM(I80:J81) -> 511.7398
A83: H | B83: Incidência do submódulo 4.1 sobre o Custo de reposição | G83: 0.0454 | I83: =(G83*I30) -> 188.2738
A84: TOTAL | G84: =G82+G83 -> 0.1688 | I84: =I82+I83 -> 700.0136
A85: QUADRO - RESUMO - MÓDULO 4 - ENCARGOS SOCIAIS E TRABALHISTAS
A86: 4 | B86: Módulo 4 - Encargos sociais e trabalhistas | I86: Valor (R$)
A87: 4.1 | B87: Encargos previdenciários e FGTS | G87: =G57 -> 0.368 | I87: =I57 -> 1526.096
A88: 4.2 | B88: 13 º salário + Adicional de férias | G88: =G62 -> 0.1111 | I88: =(I62) -> 460.7317
A89: 4.3 | B89: Custo de rescisão | G89: =G71 -> 0.06607412 | I89: =I71 -> 274.00938
A90: 4.4 | B90: Custo de reposição do profissional ausente | G90: =G84 -> 0.1688 | I90: =I84 -> 700.0136
A91: TOTAL | G91: =SUM(G87:H90) -> 0.71397412 | I91: =SUM(I87:J90) -> 2960.8507
A92: MÓDULO 5 - CUSTOS INDIRETOS, TRIBUTOS E LUCRO
A93: 5 | B93: Custos Indiretos, Tributos e Lucro | G93: % | I93: Valor (R$)
A94: A | B94: Custos Indiretos | G94: 0.05 | I94: =(I108*G94) -> 522.73653
A95: B | B95: Tributos
B96: B.1 Tributos Federais (PIS) | G96: 0.0165 | I96: =K97*G96 -> 232.35106 | K96: =(100%-SUM(G96:H98))/100 -> 0.008575
B97: B.2 Tributos Federais (COFINS) | G97: 0.076 | I97: =K97*G97 -> 1070.223 | K97: =(I108+I94+I100)/(100%-SUM(G96:H98))/100*100 -> 14081.882
B98: B.3 Tributos Municipais (ISS) | G98: 0.05 | I98: =K97*G98 -> 704.09411
B99: B.4 Outros tributos (especificar)
A100: C | B100: Lucro | G100: 0.1 | I100: =SUM(I108+I94)*G100 -> 1097.7467
A101: TOTAL | G101: =SUM(G94:H100) -> 0.2925 | I101: =SUM(I100+I99+I98+I97+I96+I94) -> 3627.1515
...

Sheet Horas Extras Eletricista
A1: ANEXO I-B – PLANILHA DE CUSTOS E FORMAÇÃO DE PREÇOS – VALORES REFERENCIAIS DO SEBRAE/CE (MEMÓRIA DE CÁLCULO DO VALOR ESTIMADO)
A2: SERVIÇO DE APOIO AS MICRO E PEQUENAS EMPRESAS DO ESTADO DO CEARÁ - SEBRAE/CE
A4: CIDADE DE FORTALEZA
A5: PLANILHA DE CUSTOS E FORMAÇÃO DE PREÇOS POR EMPREGADO
A6: Discriminação dos Serviços (dados referentes à contratação)
A7: A | B7: Data de referência da estimativa (dia/mês/ano) | G7: 46112
A8: B | B8: Município/UF | G8: Fortaleza
A9: C | B9: Ano Acordo, Convenção ou Sentença Normativa em Dissídio Coletivo | G9: SEACEC
A10: D | B10: Nº de meses de execução contratual | G10: 12
A11: Identificação do Serviço
A12: Tipo de Serviço | D12: Unidade de Medida | G12: Quantidade total a contratar (em função da unidade de medida)
A13: Contratação de empresa especializada de mão de obra, para o cargo de Eletricista | D13: POSTO | G13: 2
A14: Mão de obra
A15: Mão-de-obra vinculada à execução contratual
A16: Dados complementares para composição dos custos referente à mão-de-obra
A17: 1 | B17: Tipo de serviço (mesmo serviço com características distintas) | I17: ELETRICISTA
A18: 2 | B18: Salário Normativo da Categoria Profissional (R$ 3.190,00) + Adicional Periculosidade 30% (R$ 957,00) | I18: =3190+957 -> 4147
A19: 3 | B19: Categoria profissional (vinculada à execução contratual)
A20: 4 | B20: Data base da categoria (dia/mês/ano) | I20: ='Sup. Manut. Predial'!I20 -> 46023
A21: MÓDULO 1 : COMPOSIÇÃO DA REMUNERAÇÃO
A22: 1 | B22: Composição da Remuneração | I22: Valor (R$)
A23: A | B23: Salário Base
A24: B | B24: Adicional de periculosidade
A25: C | B25: Adicional de insalubridade
A26: D | B26: Adicional noturno
A27: E | B27: Hora noturna adicional
A28: F | B28: Adicional de Hora Extra (50%) | I28: =SUM((I18/220)*1.5*1) -> 28.275
A29: G | B29: Intervalo Intrajornada
A30: Total da Remuneração | I30: =SUM(I23:J29) -> 28.275
A31: MÓDULO 2: BENEFÍCIOS MENSAIS E DIÁRIOS
A32: 2 | B32: Benefícios Mensais e Diários | I32: Valor (R$)
A33: A | B33: Transporte (5,40*2*22 dias trabalhados) - 6% de desconto sobre o salário base (Cláusula Décima Sexta)
A34: B | B34: Auxílio-Refeição/Alimentação (R$ 28,80*22 dias) - 1% de desconto (Cláusula Décima Quinta CCT) | I34: 0
A35: C | B35: Plano de Saúde (Cláusula Décima Setima da CCT) | I35: 0
A36: D | B36: Seguro de vida, invalidez e funeral (Cláusula Décima Oitava da CCT) | I36: 0
A37: E | B37: Cesta Básica (Cláusula Décima Quarta da CCT) | I37: 0
A38: F | B38: Auxilio Creche (Cláusula Décima Nona da CCT) | I38: 0
A39: G | B39: Cesta Natalina (Conforme Edital) | I39: 0
A40: Total de Benefícios mensais e diários | I40: =SUM(I33:J39) -> 0
A41: MÓDULO 3: INSUMOS DIVERSOS
A42: 3 | B42: Insumos Diversos | I42: Valor (R$)
A43: A | B43: Uniformes | I43: 0
A44: B | B44: Materiais | I44: 0
A45: C | B45: Equipamentos | I45: 0
A46: Total de Insumos diversos | I46: =SUM(I43:J45) -> 0
A47: MÓDULO 4: ENCARGOS SOCIAIS E TRABALHISTAS
A48: 4.1 | B48: Encargos previdenciários e FGTS | G48: % | I48: Valor (R$)
A49: A | B49: INSS | G49: 0.2 | I49: =(G49*I30) -> 5.655
A50: B | B50: SESI ou SESC | G50: 0.015 | I50: =(G50*I30) -> 0.424125
A51: C | B51: SENAI ou SENAC | G51: 0.01 | I51: =(G51*I30) -> 0.28275
A52: D | B52: INCRA | G52: 0.002 | I52: =(G52*I30) -> 0.05655
A53: E | B53: Salário Educação | G53: 0.025 | I53: =(G53*I30) -> 0.706875
A54: F | B54: FGTS | G54: 0.08 | I54: =(G54*I30) -> 2.262
A55: G | B55: Riscos Ambientais do Trabalho – RAT x FAP | G55: 0.03 | I55: =(G55*I30) -> 0.84825
A56: H | B56: SEBRAE | G56: 0.006 | I56: =(G56*I30) -> 0.16965
A57: TOTAL | G57: =SUM(G49:H56) -> 0.368 | I57: =SUM(I49:J56) -> 10.4052
A58: Submódulo 4.2 – 13º Salário e Adicional de Férias
A59: 4.2 | B59: 13º Salário e Adicional de Férias | I59: Valor (R$)
A60: A | B60: 13 º Salário | G60: 0.0833 | I60: =(G60*I30) -> 2.3553075
A61: B | B61: Adicional de Férias | G61: 0.0278 | I61: =(G61*I30) -> 0.786045
A62: TOTAL | G62: =SUM(G60:H61) -> 0.1111 | I62: =SUM(I60:J61) -> 3.1413525
A63: Submódulo 4.3 - Provisão para Rescisão
A64: 4.3 | B64: Provisão para Rescisão | I64: Valor (R$)
A65: A | B65: Aviso prévio indenizado | G65: 0.0042 | I65: =(G65*I30) -> 0.118755
A66: B | B66: Incidência do FGTS sobre aviso prévio indenizado | G66: 0.0003 | I66: =(G66*I30) -> 0.0084825
A67: C | B67: Multa do FGTS do aviso prévio indenizado | G67: 0.0344 | I67: =(G67*I30) -> 0.97266
A68: D | B68: Aviso prévio trabalhado | G68: 0.0194 | I68: =(G68*I30) -> 0.548535
A69: E | B69: Incidência do submódulo 4.1 sobre aviso prévio trabalhado | G69: 0.00717412 | I69: =(G69*I30) -> 0.20284824
A70: F | B70: Multa do FGTS do aviso prévio trabalhado | G70: 0.0006 | I70: =(G70*I30) -> 0.016965
A71: TOTAL | G71: =SUM(G65:H70) -> 0.06607412 | I71: =SUM(I65:J70) -> 1.8682457
A72: Submódulo 4.4 – Custo de Reposição do Profissional Ausente
A73: 4.4 | B73: Composição do Custo de Reposição do Profissional Ausente | I73: Valor (R$)
A74: A | B74: Férias | G74: 0.0833 | I74: =(G74*I30) -> 2.3553075
A75: B | B75: Ausência por doença | G75: 0.0139 | I75: =(G75*I30) -> 0.3930225
A76: C | B76: Licença maternidade | G76: 0.0029 | I76: =(G76*I30) -> 0.0819975
A77: D | B77: Licença paternidade | G77: 0.0002 | I77: =(G77*I30) -> 0.005655
A78: E | B78: Ausências legais | G78: 0.0028 | I78: =(G78*I30) -> 0.07917
A79: F | B79: Ausência por Acidente de trabalho | G79: 0.0007 | I79: =(G79*I30) -> 0.0197925
A80: Subtotal antes da incidência de proprocional de férias, 1/3 e 13º s/custo de reposição | G80: =SUM(G74:G79) -> 0.1038 | I80: =SUM(I74:J79) -> 2.934945
A81: G | B81: Proporcional de Férias, 1/3 e 13º sobre custo de reposição (exceto licença maternidade) | G81: 0.0196 | I81: =(G81*I30) -> 0.55419
A82: Subtotal antes da incidência do modulo 4.1 | G82: =G80+G81 -> 0.1234 | I82: =SUM(I80:J81) -> 3.489135
A83: H | B83: Incidência do submódulo 4.1 sobre o Custo de reposição | G83: 0.0454 | I83: =(G83*I30) -> 1.283685
A84: TOTAL | G84: =G82+G83 -> 0.1688 | I84: =I82+I83 -> 4.77282
A85: QUADRO - RESUMO - MÓDULO 4 - ENCARGOS SOCIAIS E TRABALHISTAS
A86: 4 | B86: Módulo 4 - Encargos sociais e trabalhistas | I86: Valor (R$)
A87: 4.1 | B87: Encargos previdenciários e FGTS | G87: =G57 -> 0.368 | I87: =I57 -> 10.4052
A88: 4.2 | B88: 13 º salário + Adicional de férias | G88: =G62 -> 0.1111 | I88: =(I62) -> 3.1413525
A89: 4.3 | B89: Custo de rescisão | G89: =G71 -> 0.06607412 | I89: =I71 -> 1.8682457
A90: 4.4 | B90: Custo de reposição do profissional ausente | G90: =G84 -> 0.1688 | I90: =I84 -> 4.77282
A91: TOTAL | G91: =SUM(G87:H90) -> 0.71397412 | I91: =SUM(I87:J90) -> 20.187618
A92: MÓDULO 5 - CUSTOS INDIRETOS, TRIBUTOS E LUCRO
A93: 5 | B93: Custos Indiretos, Tributos e Lucro | G93: % | I93: Valor (R$)
A94: A | B94: Custos Indiretos | G94: 0.05 | I94: =(I108*G94) -> 2.4231309
A95: B | B95: Tributos
B96: B.1 Tributos Federais (PIS) | G96: 0.0165 | I96: =K97*G96 -> 1.077057 | K96: =(100%-SUM(G96:H98))/100 -> 0.008575
B97: B.2 Tributos Federais (COFINS) | G97: 0.076 | I97: =K97*G97 -> 4.9609897 | K97: =(I108+I94+I100)/(100%-SUM(G96:H98))/100*100 -> 65.27618
B98: B.3 Tributos Municipais (ISS) | G98: 0.05 | I98: =K97*G98 -> 3.263809
B99: B.4 Outros tributos (especificar)
A100: C | B100: Lucro | G100: 0.1 | I100: =SUM(I108+I94)*G100 -> 5.0885749
A101: TOTAL | G101: =SUM(G94:H100) -> 0.2925 | I101: =SUM(I100+I99+I98+I97+I96+I94) -> 16.813561
...

Sheet Reembolso Deslocamento
A1: ANEXO I-B – PLANILHA DE CUSTOS E FORMAÇÃO DE PREÇOS – VALORES REFERENCIAIS DO SEBRAE/CE (MEMÓRIA DE CÁLCULO DO VALOR ESTIMADO)
A2: SERVIÇO DE APOIO AS MICRO E PEQUENAS EMPRESAS DO ESTADO DO CEARÁ - SEBRAE/CE
A4: CIDADE DE FORTALEZA
A5: PLANILHA DE CUSTOS E FORMAÇÃO DE PREÇOS POR EMPREGADO
A6: Discriminação dos Serviços (dados referentes à contratação)
A7: A | B7: Data de referência da estimativa (dia/mês/ano) | G7: ='Sup. Manut. Predial'!G7 -> 46112
A8: B | B8: Município/UF | G8: Fortaleza
A9: C | B9: Ano Acordo, Convenção ou Sentença Normativa em Dissídio Coletivo | G9: SEACEC
A10: D | B10: Nº de meses de execução contratual | G10: 12
A11: Identificação do Serviço
A12: Tipo de Serviço | D12: Unidade de Medida | G12: Quantidade mensal estimada de deslocamentos
A13: Reembolso de despesas de deslocamento sem pernoite aos Escritórios Regionais (Supervisor, Auxiliares e Eletricistas) – item 4.4.3 do TR | D13: DESLOCAMENTO | G13: 11
A14: Mão de obra
A15: Mão-de-obra vinculada à execução contratual
A16: Dados complementares para composição dos custos referente à mão-de-obra
A17: 1 | B17: Tipo de serviço (mesmo serviço com características distintas) | I17: Reembolso de deslocamento
A18: 2 | B18: Valor líquido máximo por deslocamento (transporte e alimentação) – item 4.4.3.4 do TR | I18: 500
A19: 3
A20: 4
A21: MÓDULO 1 : COMPOSIÇÃO DA REMUNERAÇÃO
A22: 1 | B22: Composição da Remuneração | I22: Valor (R$)
A23: A | B23: Valor líquido máximo por deslocamento | I23: =I18 -> 500
A24: B
A25: C
A26: D
A27: E
A28: F
A29: G
A30: Total da Remuneração | I30: =SUM(I23:J29) -> 500
A31: MÓDULO 2: BENEFÍCIOS MENSAIS E DIÁRIOS
A32: 2 | B32: Benefícios Mensais e Diários | I32: Valor (R$)
A33: A | B33: Transporte (5,40*2*22 dias trabalhados) - 6% de desconto sobre o salário base (Cláusula Décima Sexta) | I33: 0
A34: B | B34: Auxílio-Refeição/Alimentação (R$ 28,80*22 dias) - 1% de desconto (Cláusula Décima Quinta CCT) | I34: 0
A35: C | B35: Plano de Saúde (Cláusula Décima Setima da CCT) | I35: 0
A36: D | B36: Seguro de vida, invalidez e funeral (Cláusula Décima Oitava da CCT) | I36: 0
A37: E | B37: Cesta Básica (Cláusula Décima Quarta da CCT) | I37: 0
A38: F | B38: Auxilio Creche (Cláusula Décima Nona da CCT) | I38: 0
A39: G | B39: Cesta Natalina (Conforme Edital) | I39: ='Sup. Manut. Predial'!I39 -> 0 | K39: ='Sup. Manut. Predial'!K39 -> R$ 110,52*2 = 221,04/12 = 18,42(valor mensal)
A40: Total de Benefícios mensais e diários | I40: =SUM(I33:J39) -> 0
A41: MÓDULO 3: INSUMOS DIVERSOS
A42: 3 | B42: Insumos Diversos | I42: Valor (R$)
A43: A | B43: Uniformes
A44: B | B44: Materiais
A45: C | B45: Equipamentos
A46: Total de Insumos diversos
A47: MÓDULO 4: ENCARGOS SOCIAIS E TRABALHISTAS
A48: 4.1 | B48: Encargos previdenciários e FGTS | G48: % | I48: Valor (R$)
A49: A | B49: INSS | I49: =(G49*I30) -> 0
A50: B | B50: SESI ou SESC | I50: =(G50*I30) -> 0
A51: C | B51: SENAI ou SENAC | I51: =(G51*I30) -> 0
A52: D | B52: INCRA | I52: =(G52*I30) -> 0
A53: E | B53: Salário Educação | I53: =(G53*I30) -> 0
A54: F | B54: FGTS | I54: =(G54*I30) -> 0
A55: G | B55: Riscos Ambientais do Trabalho – RAT x FAP | I55: =(G55*I30) -> 0
A56: H | B56: SEBRAE | I56: =(G56*I30) -> 0
A57: TOTAL | G57: =SUM(G49:H56) -> 0 | I57: =SUM(I49:J56) -> 0
A58: Submódulo 4.2 – 13º Salário e Adicional de Férias
A59: 4.2 | B59: 13º Salário e Adicional de Férias | I59: Valor (R$)
A60: A | B60: 13 º Salário | I60: =(G60*I30) -> 0
A61: B | B61: Adicional de Férias | I61: =(G61*I30) -> 0
A62: TOTAL | G62: =SUM(G60:H61) -> 0 | I62: =SUM(I60:J61) -> 0
A63: Submódulo 4.3 - Provisão para Rescisão
A64: 4.3 | B64: Provisão para Rescisão | I64: Valor (R$)
A65: A | B65: Aviso prévio indenizado | I65: =(G65*I30) -> 0
A66: B | B66: Incidência do FGTS sobre aviso prévio indenizado | I66: =(G66*I30) -> 0
A67: C | B67: Multa do FGTS do aviso prévio indenizado | I67: =(G67*I30) -> 0
A68: D | B68: Aviso prévio trabalhado | I68: =(G68*I30) -> 0
A69: E | B69: Incidência do submódulo 4.1 sobre aviso prévio trabalhado | I69: =(G69*I30) -> 0
A70: F | B70: Multa do FGTS do aviso prévio trabalhado | I70: =(G70*I30) -> 0
A71: TOTAL | G71: =SUM(G65:H70) -> 0 | I71: =SUM(I65:J70) -> 0
A72: Submódulo 4.4 – Custo de Reposição do Profissional Ausente
A73: 4.4 | B73: Composição do Custo de Reposição do Profissional Ausente | I73: Valor (R$)
A74: A | B74: Férias | I74: =(G74*I30) -> 0
A75: B | B75: Ausência por doença | I75: =(G75*I30) -> 0
A76: C | B76: Licença maternidade | I76: =(G76*I30) -> 0
A77: D | B77: Licença paternidade | I77: =(G77*I30) -> 0
A78: E | B78: Ausências legais | I78: =(G78*I30) -> 0
A79: F | B79: Ausência por Acidente de trabalho | I79: =(G79*I30) -> 0
A80: Subtotal antes da incidência de proprocional de férias, 1/3 e 13º s/custo de reposição | G80: =SUM(G74:G79) -> 0 | I80: =SUM(I74:J79) -> 0
A81: G | B81: Proporcional de Férias, 1/3 e 13º sobre custo de reposição (exceto licença maternidade) | I81: =(G81*I30) -> 0
A82: Subtotal antes da incidência do modulo 4.1 | G82: =G80+G81 -> 0 | I82: =SUM(I80:J81) -> 0
A83: H | B83: Incidência do submódulo 4.1 sobre o Custo de reposição | I83: =(G83*I30) -> 0
A84: TOTAL | G84: =G82+G83 -> 0 | I84: =I82+I83 -> 0
A85: QUADRO - RESUMO - MÓDULO 4 - ENCARGOS SOCIAIS E TRABALHISTAS
A86: 4 | B86: Módulo 4 - Encargos sociais e trabalhistas | I86: Valor (R$)
A87: 4.1 | B87: Encargos previdenciários e FGTS | G87: =G57 -> 0 | I87: =I57 -> 0
A88: 4.2 | B88: 13 º salário + Adicional de férias | G88: =G62 -> 0 | I88: =(I62) -> 0
A89: 4.3 | B89: Custo de rescisão | G89: =G71 -> 0 | I89: =I71 -> 0
A90: 4.4 | B90: Custo de reposição do profissional ausente | G90: =G84 -> 0 | I90: =I84 -> 0
A91: TOTAL | G91: =SUM(G87:H90) -> 0 | I91: =SUM(I87:J90) -> 0
A92: MÓDULO 5 - CUSTOS INDIRETOS, TRIBUTOS E LUCRO
A93: 5 | B93: Custos Indiretos, Tributos e Lucro | G93: % | I93: Valor (R$)
A94: A | B94: Custos Indiretos | G94: 0.05 | I94: =(I108*G94) -> 25
A95: B | B95: Tributos
B96: B.1 Tributos Federais (PIS) | G96: 0.0165 | I96: =K97*G96 -> 11.112245 | K96: =(100%-SUM(G96:H98))/100 -> 0.008575
B97: B.2 Tributos Federais (COFINS) | G97: 0.076 | I97: =K97*G97 -> 51.183673 | K97: =(I108+I94+I100)/(100%-SUM(G96:H98))/100*100 -> 673.46939
B98: B.3 Tributos Municipais (ISS) | G98: 0.05 | I98: =K97*G98 -> 33.673469
B99: B.4 Outros tributos (especificar)
A100: C | B100: Lucro | G100: 0.1 | I100: =SUM(I108+I94)*G100 -> 52.5
A101: TOTAL | G101: =SUM(G94:H100) -> 0.2925 | I101: =SUM(I100+I99+I98+I97+I96+I94) -> 173.46939
...
